[Event "*** Titled Tuesday Blitz"]
[Site "Chess.com"]
[Date "2020.11.10"]
[Round "7"]
[White "124chess"]
[Black "petrkostenko"]
[Result "1-0"]
[WhiteElo "2715"]
[BlackElo "2458"]
[TimeControl "180+1"]
[EndTime "11:23:41 PST"]
[Termination "124chess won on time"]

1. d4 e6 2. Nf3 Nf6 3. Bf4 b6 4. e3 Bb7 5. Nbd2 Be7 6. Bd3 Nh5 7. Bg3 d6 8. Qe2 Nd7 9. O-O-O a6 10. Kb1 g6 11. e4 O-O 12. h4 Nxg3 13. fxg3 c5 14. c3 Nf6 15. e5 Nh5 16. Nf1 Qc7 17. Be4 cxd4 18. Bxb7 Qxb7 19. Rxd4 dxe5 20. Nxe5 Rfd8 21. g4 Rxd4 22. cxd4 Nf6 23. Ng3 Nd5 24. Qf3 f6 25.
Nd3 Rc8 26. h5 g5 27. Re1 Qc6 28. Rc1 Qd7 29. Rxc8+ Qxc8 30. Qe4 a5 31. Nf5 Bf8 32.
Ne3 Nxe3 33. Qxe3 Qc4 34. Qe4 a4 35. a3 Qb3 36. Nc1 Qc4 37. Ne2 b5 38. Nc3 Bxa3 39. Qa8+ Bf8 40. Ne4 Qxd4 41. Qc6 Qe5 42. Kc2 b4 43.
Kd3 a3 44. bxa3 bxa3 45. Qa8 Qd5+ 46. Qxd5 exd5 47. Nc3 Bb4 48. Na2 Ba5 49. Kd4 Kf7 50. Kxd5 Bd2 51. Kd4 Ke6 52. Kd3 Ba5 53. Nc1 f5 54.
Nb3 a2 55. Kc2 fxg4 56. Kb2 Bb6 57. Kxa2 Kf5 58. Kb2 g3 59. Nd2 Kg4 60. Kc2 Kxh5 61. Kd3 Kg4 62. Ke4 h5 63. Nc4 Bf2 64. Ne5+ Kh4 65. Kf5 1-0

[Event "*** Titled Tuesday Blitz"]
[Site "Chess.com"]
[Date "2020.11.10"]
[Round "7"]
[White "starworld123"]
[Black "KuzubovYuriy"]
[Result "1/2-1/2"]
[WhiteElo "2684"]
[BlackElo "2831"]
[TimeControl "180+1"]
[EndTime "11:23:42 PST"]
[Termination "Game drawn by repetition"]

1. Nf3 d5 2. d4 Nf6 3. c4 e6 4. Bg5 h6 5. Bh4 Bb4+ 6. Nc3 dxc4 7. a3 Bxc3+ 8. bxc3 b5 9. a4 c6 10. Ne5 Bb7 11.
Rb1 Qa5 12. Qc2 Nd5 13. Nxc4 bxc4 14. Rxb7 Nd7 15. Kd2 Qa6 16. Rb1 c5 17. e4 N5f6 18. Rb5 cxd4 19. Bxc4 dxc3+ 20. Ke2 O-O 21. e5 Nd5 22.
Bg3 Rac8 23. Bxd5 exd5 24. Rd1 Nb6 25. Ke1 Nxa4 26. Rdxd5 Qc6 27. Qxa4 c2 28. Bf4 c1=Q+ 29. Bxc1 Qxc1+ 30. Qd1 Qa3 31. Rb3 Qa4 32. Kf1 Qc4+ 33.
Rbd3 a5 34. Rxa5 Rfd8 35. Ra3 Rd5 36. Kg1 Rxe5 37. g3 Rce8 38. Kg2 Qc6+ 39. Qf3 Qe6 40. Ra7 Rf5 41. Qb7 Qf6 42. Rf3 Rxf3 43. Qxf3 Qxf3+ 44.
Kxf3 g6 45. Ra4 Re6 46. h4 Kg7 47. Rf4 Re5 48. Re4 Rf5+ 49. Kg2 Kf6 50. Ra4 Rd5 51. Ra6+ Kg7 52. Ra7 Rf5 53. Ra6 h5 54. Ra4 Re5 55. Ra3 Rd5 56. Rf3 Re5 57. Rf4 Re6 58. Kf3 Re5 59. Kg2 Kf8 60. Kf3 Ke7 61. Ra4 Kf6 62. Ra6+ Kf5 63. Ra4 f6 64. Rf4+ Ke6 65. Ra4 g5 66. hxg5 fxg5 67. Ra6+ Kf5 68. Rh6 g4+ 69. Kg2 Kg5 70. Rh8 Rf5 71. Rg8+ Kf6 72. Rh8 Kg5 73. Rg8+ Kf6 74. Rh8 Kg5 1/2-1/2

[Event "*** Titled Tuesday Blitz"]
[Site "Chess.com"]
[Date "2020.11.10"]
[Round "7"]
[White "capatl"]
[Black "Bastiandash"]
[Result "1-0"]
[WhiteElo "2506"]
[BlackElo "2362"]
[TimeControl "180+1"]
[EndTime "11:23:42 PST"]
[Termination "capatl won on time"]

1. c4 Nf6 2. Nc3 e6 3. d4 Bb4 4. Nf3 b6 5. e3 Bb7 6. Be2 O-O 7. O-O Bxc3 8. bxc3 Ne4 9. Qc2 d6 10. Nd2 f5 11.
Bf3 Qh4 12. g3 Qf6 13. Nxe4 fxe4 14. Bxe4 Bxe4 15. Qxe4 Nd7 16. Bd2 Rfc8 17. Qc6 Nf8 18. a4 a5 19. f4 Qf5 20. e4 Qg4 21. Rf2 h5 22. e5 h4 23. Qf3 Qg6 24. f5 exf5 25.
Qxf5 hxg3 26. hxg3 dxe5 27. Qxe5 Re8 28. Qd5+ Ne6 29.
Kg2 c6 30. Qf5 Qxf5 31. Rxf5 g6 32. Re5 Nc7 33. Rae1 Kf7 34. Rxe8 Rxe8 35. Rxe8 Kxe8 36. Kf3 Kf7 37. Bf4 Ne6 38. Ke4 Kf6 39. Be5+ Ke7 40. g4 Kd7 41. Bf6 Nc7 42. d5 cxd5+ 43. cxd5 Ne8 44. Be5 Ke7 45. c4 Kd7 46. Kf4 Ke7 47. Kg5 Kf7 48. Kf4 Ke7 49. Ke4 Kd7 50. Bd4 Nd6+ 51. Kd3 Nc8 52. Ke4 Nd6+ 53. Kd3 Nc8 54. Be5 Ne7 55. Ke4 Nc8 56. Kf4 Ke7 57. Kg5 Kf7 58.
Bd4 Nd6 59. c5 bxc5 60. Bxc5 Ne4+ 61. Kf4 Nxc5 62. Ke5 Ke7 63. d6+ Kd7 64. Kf6 Ne4+ 65. Kxg6 Kxd6 66. Kf5 Kd5 67. g5 Nd6+ 68. Kf6 Kc5 69.
g6 Ne4+ 70. Ke5 Ng5 71. Kf5 Nf3 72. g7 Nh4+ 73. Kf6 Nf3 74. g8=Q Nd4 75. Qb8 Nc6 76. Qc7 Kd5 77. Kf5 Nd4+ 78. Kg4 Nc6 79. Kf3 Kc5 80. Ke3 Kd5 81. Kd3 Ne5+ 82. Kc3 Nc6 83. Qc8 Kc5 84. Qf5+ Kd6 85. Kc4 Kc7 86.
Kc5 Nd8 87. Qh7+ 1-0

[Event "*** Titled Tuesday Blitz"]
[Site "Chess.com"]
[Date "2020.11.10"]
[Round "7"]
[White "davigator"]
[Black "orestn"]
[Result "0-1"]
[WhiteElo "2359"]
[BlackElo "2261"]
[TimeControl "180+1"]
[EndTime "11:23:43 PST"]
[Termination "orestn won by checkmate"]

1. e4 e5 2. Nf3 Nc6 3. Bb5 a6 4. Ba4 Nf6 5. O-O Be7 6. Re1 b5 7. Bb3 d6 8. c3 O-O 9. h3 Na5 10. Bc2 c5 11. d4 Nd7 12. b3 cxd4 13. cxd4 Nc6 14. a3 Nxd4 15. Nxd4 exd4 16. Bb2 Bf6 17.
Bxd4 Bb7 18. Nc3 Rc8 19. Qd2 Qc7 20. Bxf6 Nxf6 21. Re3 Rfd8 22. Ra2 d5 23. exd5 Nxd5 24. Nxd5 Bxd5 25. Qe2 Be6 26. Rg3 Qf4 27. Rd3 g6 28.
Ra1 Rxd3 29. Qxd3 Qg5 30. Ra2 Rd8 31. Qe3 Qxe3 32. fxe3 Rd2 33. Kh2 a5 34. Bb1 Rd1 35.
Rb2 Re1 36. e4 b4 37. axb4 axb4 38. Kg3 Re3+ 39. Kf4 Rxb3 40. Rxb3 Bxb3 41. Ke5 Kg7 42. Kd4 Kf6 43. Kc5 Ke5 44. Kxb4 Bd1 45. Kc3 Be2 46. Ba2 f6 47. Bg8 h6 48. Bh7 g5 49. g3 Ba6 50. h4 Bb5 51. Bg6 Ba6 52. Bh7 gxh4 53.
gxh4 Bf1 54. Bg6 Kf4 55. Kd4 Kg4 56. h5 Kf4 57. Kd5 Bh3 58. Kd4 Bc8 59. Kd5 Bb7+ 60. Kd4 Ba8 61. Bh7 Bb7 62. Bg6 Bc6 63. Bh7 Be8 64.
Bg6 Bd7 65. Bh7 Be6 66. Bg6 Kg5 67. Ke3 Bg4 68. Kd4 Bxh5 69. Bh7 Kf4 70. Kd5 Bg4 71.
Kd6 h5 72. Ke7 Ke5 73. Kf7 h4 74. Kg6 h3 75. Bg8 h2 76. Bd5 h1=Q 77. Kf7 Bf3 78. Bc6 Bxe4 79. Bxe4 Qxe4 80. Ke7 f5 81. Kf7 f4 82.
Kg7 f3 83. Kh8 f2 84. Kg7 f1=Q 85. Kh8 Qeg2 86. Kh7 Kf6 87. Kh8 Kf7 88. Kh7 Qfh1# 0-1

[Event "*** Titled Tuesday Blitz"]
[Site "Chess.com"]
[Date "2020.11.10"]
[Round "7"]
[White "NotFischer"]
[Black "guillembaches"]
[Result "1/2-1/2"]
[WhiteElo "2260"]
[BlackElo "2380"]
[TimeControl "180+1"]
[EndTime "11:23:46 PST"]
[Termination "Game drawn - insufficient material"]

1. d4 d5 2. Bf4 c5 3. c3 Nc6 4. e3 Qb6 5. Qb3 c4 6. Qc2 e5 7. dxe5 Bf5 8. Qc1 g5 9. Bg3 Bg7 10. Nf3 g4 11. Nd4 Bg6 12. e6 Nxd4 13. exf7+ Bxf7 14. exd4 Nf6 15. Be2 Qe6 16. O-O O-O 17. Re1 Rae8 18. Nd2 Bh6 19. Qd1 Qf5 20. Be5 Bh5 21. Rf1 b5 22. a4 a6 23. axb5 axb5 24.
Ra6 Bg5 25. Bxf6 Bxf6 26. h3 Rxe2 27. Qxe2 Re8 28. hxg4 Rxe2 29. gxf5 Rxd2 30. Rxf6 Rxb2 31. Rc1 b4 32. cxb4 Rxb4 33. Rd6 Bf7 34. f6 h5 35.
Rd8+ Kh7 36. Re1 Kg6 37. Rd6 Rb3 38. Rc6 Rd3 39. Re7 Rxd4 40. Rcc7 c3 41. Rxf7 c2 42. Rg7+ Kxf6 43. Rgf7+ Kg6 44. Kh2 c1=Q 45. Rxc1 Kxf7 46. Kg3 Kg6 47. Re1 h4+ 48. Kh3 Kf5 49. g3 hxg3 50. fxg3 Rd3 51. Kg2 d4 52. Re8 Rd1 53. Kf3 Rf1+ 54.
Kg2 Rd1 55. Kf3 Rd3+ 56. Kf2 Ra3 57. Rd8 Ke4 58. g4 Ra2+ 59. Ke1 Ra5 60. Re8+ Kd3 61.
Kf2 Rg5 62. Kf3 Kd2 63. Kf4 Rg7 64. g5 d3 65. Kf5 Kc2 66. g6 d2 67. Rd8 d1=Q 68. Rxd1 Kxd1 69. Kf6 Rxg6+ 70. Kxg6 1/2-1/2

[Event "*** Titled Tuesday Blitz"]
[Site "Chess.com"]
[Date "2020.11.10"]
[Round "7"]
[White "smartinusa"]
[Black "PlotnikovPavel"]
[Result "1-0"]
[WhiteElo "2625"]
[BlackElo "2456"]
[TimeControl "180+1"]
[EndTime "11:23:50 PST"]
[Termination "smartinusa won by checkmate"]

1. d4 Nf6 2. c4 g6 3. Nf3 Bh6 4. Bxh6 c5 5. Bg7 Rg8 6. Bxf6 exf6 7. dxc5 Qa5+ 8. Qd2 Qxc5 9. Qe3+ Qxe3 10. fxe3 Nc6 11. Nc3 Ke7 12. Nd5+ Kd6 13. Nxf6 Rd8 14. O-O-O+ Kc5 15. Nd5 Kxc4 16. e4 b6 17. e3+ Kc5 18. Kb1 Bb7 19.
Nc7 Nb4 20. Nd2 Rac8 21. Nb3+ Kc6 22. Nd5 Nxd5 23. exd5+ Kc7 24. Be2 Kd6 25. Bf3 f5 26. h4 Re8 27. Rhe1 Re5 28. Rc1 Rce8 29. Rc3 f4 30. e4 Rxd5 31. Kc1 Rde5 32. Rd1+ Ke7 33.
Rc7 Bc6 34. Rxa7 Rc8 35. Kb1 Rd8 36. Nd4 Ba8 37. Ra6 Rb8 38. a4 Ke8 39. Ra7 Bxe4+ 40. Bxe4 Rxe4 41. Nb5 Re7 42. Nc7+ Kd8 43. Nd5 Re4 44.
Rxd7+ Kxd7 45. Nf6+ Ke6 46. Nxe4 Ra8 47. Nc3 Kf5 48. Rd6 Rb8 49. Nd5 b5 50. a5 Kg4 51.
a6 Kxh4 52. a7 Re8 53. Nc7 Rc8 54. a8=Q Rxa8 55. Nxa8 Kg3 56. Rd2 g5 57. Nc7 g4 58.
Nxb5 f3 59. gxf3 gxf3 60. Nc3 f2 61. Ne4+ Kf3 62. Nxf2 Ke3 63. Rc2 h5 64. b4 h4 65.
b5 h3 66. b6 h2 67. b7 h1=Q+ 68. Nxh1 Kd4 69. b8=Q Ke4 70. Qe8+ Kd4 71. Rd2+ Kc3 72. Qe3+ Kc4 73. Rd4+ Kb5 74. Qe5+ Kb6 75. Rd6+ Kb7 76. Qe7+ Kb8 77. Rd8# 1-0

[Event "*** Titled Tuesday Blitz"]
[Site "Chess.com"]
[Date "2020.11.10"]
[Round "7"]
[White "KononenkoD"]
[Black "Kopytkin"]
[Result "1-0"]
[WhiteElo "2618"]
[BlackElo "2444"]
[TimeControl "180+1"]
[EndTime "11:23:51 PST"]
[Termination "KononenkoD won on time"]

1. d4 Nf6 2. c4 g6 3. Nc3 Bg7 4.
Nf3 O-O 5. g3 d6 6. Bg2 Nc6 7.
O-O e5 8. d5 Nb8 9. e4 a5 10. Ne1 Na6 11. Nd3 Nd7 12. f4 exf4 13.
Bxf4 Nac5 14. Nxc5 Nxc5 15. Qc2 Qe7 16. Rae1 Bd7 17.
Kh1 Rae8 18. Qd2 f6 19. b3 Qd8 20. Bh6 Bxh6 21. Qxh6 Re5 22. Qh4 Kg7 23. Kg1 Qc8 24. Qf4 Nd3 25. Qd2 Nxe1 26. Rxe1 Rfe8 27. Rf1 Qd8 28. Qd4 b6 29. a3 Kg8 30. b4 axb4 31.
axb4 f5 32. c5 bxc5 33. bxc5 Qa8 34. g4 fxg4 35. cxd6 cxd6 36. Qb6 Qb8 37. Qd4 Rc8 38. Rb1 Qc7 39. Ne2 Qc5 40. Qxc5 dxc5 41. Rb7 Be8 42. Nc3 c4 43. Kf2 Bf7 44. Ke3 Kf8 45. Kd4 Re7 46. Rxe7 Kxe7 47. Bf1 h5 48. Bxc4 h4 49. e5 g3 50.
hxg3 h3 51. Bf1 h2 52. Bg2 Rh8 53. Bh1 Rh3 54. Ne4 g5 55. d6+ Kd8 56. Nxg5 Rxg3 57.
Nxf7+ Ke8 58. e6 Rg8 59. Bc6+ Kf8 60. Ke5 Kg7 61. Ng5 Kg6 62. Nh3 Rc8 63. Nf4+ Kg5 64. Be4 Rc5+ 65. Kd4 Rc1 66. e7 Kxf4 67. e8=Q Rd1+ 68.
Kc5 Re1 69. Qf7+ Ke3 70. Qh5 1-0

[Event "*** Titled Tuesday Blitz"]
[Site "Chess.com"]
[Date "2020.11.10"]
[Round "7"]
[White "Make_it_shine060"]
[Black "Flutaga"]
[Result "0-1"]
[WhiteElo "2115"]
[BlackElo "2023"]
[TimeControl "180+1"]
[EndTime "11:23:51 PST"]
[Termination "Flutaga won on time"]

1. d4 f5 2. e4 fxe4 3. Nc3 Nf6 4. Bg5 Nc6 5. d5 Ne5 6. Bxf6 exf6 7. Nxe4 f5 8. Nc3 g6 9. Nf3 Nf7 10. Qd4 d6 11.
Bd3 Bh6 12. O-O O-O 13. Qa4 Bg7 14. Rfe1 Ne5 15. Nxe5 Bxe5 16. f4 Bg7 17. Kh1 Bd7 18. Qb3 b6 19. Re2 Qf6 20. Rae1 Rae8 21. Nb5 Rxe2 22. Rxe2 Bxb5 23. Bxb5 Qxb2 24. Qxb2 Bxb2 25.
Re7 Rf7 26. Re8+ Kg7 27. Ba6 Bd4 28. Bc8 Bf6 29. Be6 Re7 30. Ra8 a5 31. h3 c6 32.
Rg8+ Kh6 33. dxc6 Rc7 34. Bd7 b5 35. Rb8 b4 36. Rb7 Bd8 37. Rb8 Bf6 38. Rb5 a4 39.
Rxb4 a3 40. Rb3 Bd8 41. Rxa3 Kg7 42. Rb3 Kf6 43. a4 Ke7 44. a5 Ra7 45. Rb8 Rxa5 46. Rb7 Kf6 47. c7 Bxc7 48. Rxc7 Ra1+ 49. Kh2 g5 50. Be8 gxf4 51. Rxh7 Ke5 52. c3 d5 53. Re7+ Kf6 54. Rf7+ Kg5 55. h4+ Kxh4 56. Rxf5 Kg4 57. Rxd5 Rc1 58. Rc5 f3 59. Bh5+ Kf4 60.
Bxf3 Rc2 61. Rc4+ Ke3 62. Rc7 Kf4 63. c4 Ke3 64. c5 Rc4 65. c6 Kf2 66. Kh3 Rc5 67.
Rc8 Rc1 68. c7 Rh1+ 69. Kg4 Rc1 70. Rf8 Rc4+ 0-1

[Event "*** Titled Tuesday Blitz"]
[Site "Chess.com"]
[Date "2020.11.10"]
[Round "7"]
[White "Vuk2000"]
[Black "kuli4ik"]
[Result "1/2-1/2"]
[WhiteElo "2693"]
[BlackElo "2862"]
[TimeControl "180+1"]
[EndTime "11:23:58 PST"]
[Termination "Game drawn by repetition"]

1. d4 g6 2. Nf3 Bg7 3. Bg5 c5 4. c3 Qb6 5. Qb3 Nc6 6. e3 d5 7. Bb5 c4 8. Qa4 Bd7 9. Nbd2 Nf6 10. Bxf6 exf6 11. e4 a6 12. exd5 Qxb5 13. Qxb5 axb5 14. dxc6 Bxc6 15. Nf1 Kd7 16. Ne3 Kd6 17. Nd2 Rhe8 18.
O-O f5 19. g3 h5 20. Rfd1 h4 21. d5 Bd7 22. Nf3 hxg3 23. hxg3 Re4 24. Ng5 Re7 25. Nf3 Bh6 26. Nc2 f4 27. Kg2 fxg3 28. Kxg3 Bg7 29. Ne3 Re4 30. Nd2 Be5+ 31. Kf3 Rf4+ 32. Ke2 Re8 33. a4 bxa4 34. Ndxc4+ Kc5 35. Nxe5 Rxe5 36.
Rd2 b5 37. Kd3 Bf5+ 38. Ke2 Bg4+ 39. Kd3 Bf3 40. c4 bxc4+ 41. Kc3 Bxd5 42. Rxa4 Rxf2 43. Rxf2 Rxe3+ 44. Kd2 Rb3 45. Ra5+ Kd6 46. Kc1 Be6 47. Ra6+ Ke7 48. Re2 g5 49. Ra5 g4 50. Rg5 Kf6 51. Rg8 c3 52. Rf2+ Ke7 53. bxc3 Rxc3+ 54. Kd2 Rh3 55. Rf4 Kd6 56. Rgxg4 Bxg4 57. Rxg4 f5 58. Rb4 Ke5 59. Ke2 Rc3 60. Kf2 Kf6 61. Ke2 Kg5 62. Kf2 Rd3 63. Ke2 Rd8 64.
Kf2 Re8 65. Kf3 Re6 66. Rb8 Rc6 67. Rg8+ Kf6 68. Rf8+ Ke6 69. Re8+ Kf7 70. Rb8 Kf6 71. Rf8+ Ke5 72. Re8+ Re6 73. Rxe6+ Kxe6 74. Kf4 Kf6 75. Kf3 Ke5 76. Ke3 f4+ 77. Kf3 Kf5 78. Kf2 Ke4 79. Ke2 f3+ 80. Kf2 Kf4 81. Kf1 Kg4 82. Kf2 Kf4 83. Kf1 Kg3 84. Kg1 Kg4 85. Kf2 Kf4 1/2-1/2

[Event "*** Titled Tuesday Blitz"]
[Site "Chess.com"]
[Date "2020.11.10"]
[Round "7"]
[White "GameOverBro"]
[Black "Rakhimzhan_Alen"]
[Result "1-0"]
[WhiteElo "2527"]
[BlackElo "2618"]
[TimeControl "180+1"]
[EndTime "11:24:00 PST"]
[Termination "GameOverBro won by resignation"]

1. e4 e5 2. Nf3 Nc6 3. Bb5 Nf6 4.
d4 Nxd4 5. Nxd4 exd4 6. e5 c6 7. exf6 cxb5 8. Qe2+ Be7 9. Qxe7+ Qxe7+ 10. fxe7 Kxe7 11.
b3 d5 12. Bb2 Bf5 13. Kd2 Rhc8 14. Rc1 Rc6 15. Bxd4 Rac8 16. c3 Rh6 17. h3 Rg6 18. g4 Be6 19. f4 f5 20. g5 h6 21. h4 hxg5 22. hxg5 Rh8 23. Re1 Kf7 24. Bxa7 Bd7 25. Na3 b6 26. Nc2 Ra8 27. Bxb6 Rxb6 28. Re5 Rh8 29. Rae1 Rh2+ 30. R1e2 Rxe2+ 31. Kxe2 Ra6 32. Nb4 Ra8 33. Rxd5 Ke6 34. Re5+ Kd6 35. Kd3 Rh8 36.
Kd4 Rh1 37. Nd3 Ra1 38. Rd5+ Ke7 39. Nc5 Rd1+ 40. Nd3 Ra1 41. a4 bxa4 42. bxa4 Rxa4+ 43. c4 Be6 44. Rc5 Kd6 45. Ne5 Ra1 46. Rc6+ Ke7 47. Rc7+ Kd6 48. Rxg7 Rd1+ 49. Nd3 Re1 50. c5+ Kc6 51.
Ne5+ Kb5 52. Rb7+ Ka4 53. Nd3 Re4+ 54. Kc3 Re3 55. Rb4+ Ka5 56. Rb6 Bd5 57. Rd6 Be4 58.
Kd2 Rf3 59. g6 Rg3 60. Ne5 Kb5 61. c6 Rg2+ 62. Ke3 Rg3+ 63. Kd4 Rg1 64. c7 Bb7 65. Rd7 Kb6 66. g7 Bc8 67. Re7 Rd1+ 68. Nd3 Rg1 69. Ke5 Ba6 70. Nb4 Bc8 71. Kf6 Kc5 72. Nd3+ Kd6 73. Ne5 Rg2 74. Ng6 Rxg6+ 75. Kxg6 Kxe7 76. g8=Q Kd7 77. Qd8+ Kc6 78. Qxc8 Kd5 79. Qxf5+ Kd4 80. c8=Q 1-0

[Event "*** Titled Tuesday Blitz"]
[Site "Chess.com"]
[Date "2020.11.10"]
[Round "7"]
[White "sofaceindisguise"]
[Black "Anton_Demchenko"]
[Result "1/2-1/2"]
[WhiteElo "2690"]
[BlackElo "2835"]
[TimeControl "180+1"]
[EndTime "11:24:03 PST"]
[Termination "Game drawn - insufficient material"]

1. d4 Nf6 2. Nf3 d5 3. c4 e6 4. Nc3 Nbd7 5. Bf4 Bb4 6. cxd5 exd5 7. e3 Ne4 8. Nd2 Nxc3 9. bxc3 Bxc3 10. Rc1 Bxd2+ 11.
Qxd2 c6 12. Bd6 Nb6 13. Ba3 Bf5 14. Be2 f6 15. g4 Be6 16. Qb4 Kf7 17. h4 h6 18. Rb1 Qd7 19. f3 Rae8 20. Kf2 h5 21. g5 fxg5 22. hxg5 Bf5 23. Rbg1 g6 24. Rh4 Kg7 25. Re1 Re6 26. Bf1 Rhe8 27. Rf4 Kg8 28. Qa5 Qc7 29. Bc5 Qb8 30. Bxb6 axb6 31. Qxb6 R6e7 32. Qb3 Kg7 33. a4 Qd6 34. a5 Qd8 35. Qc3 Rc7 36. Bd3 Bxd3 37. Qxd3 Rf7 38. Rxf7+ Kxf7 39. a6 bxa6 40. Qxa6 Qxg5 41. Qxc6 Qh4+ 42. Ke2 Rxe3+ 43.
Kxe3 Qxe1+ 44. Kd3 Qe6 45. Qc7+ Kf6 46. Qd8+ Kf5 47.
Qh4 Qa6+ 48. Kd2 Qa2+ 49. Kd3 Qb3+ 50. Kd2 Qb2+ 51. Kd3 Qb1+ 52. Kd2 Qf1 53. Qg3 Kf6 54. Qe5+ Kf7 55. Qxd5+ Kg7 56. Qe5+ Kh7 57. d5 Qb5 58.
Qe7+ Kh6 59. Qe3+ Kg7 60. Qd4+ Kf7 61. Ke3 Qd7 62. Qe5 Qe7 63. f4 h4 64. Kf3 Qxe5 65.
fxe5 g5 66. Kg4 Ke7 67. e6 Kd6 68. Kxg5 h3 69. Kf6 h2 70. e7 h1=Q 71. e8=Q Qf3+ 72. Kg7 Qc3+ 73. Kf8 Qh8+ 74. Kf7 Qh5+ 75. Kf8 Qh6+ 76. Kf7 Qh7+ 77. Kf8 Qh6+ 78. Kf7 Qf4+ 79. Kg8 Qg4+ 80. Kh7 Qh4+ 81. Kg7 Qg5+ 82. Qg6+ Qxg6+ 83. Kxg6 Kxd5 1/2-1/2

[Event "*** Titled Tuesday Blitz"]
[Site "Chess.com"]
[Date "2020.11.10"]
[Round "7"]
[White "Chessalary"]
[Black "ftorodent"]
[Result "0-1"]
[WhiteElo "2462"]
[BlackElo "2696"]
[TimeControl "180+1"]
[EndTime "11:24:04 PST"]
[Termination "ftorodent won by checkmate"]

1. e4 c5 2. Nf3 e6 3. d4 cxd4 4. Nxd4 a6 5. Bd3 Bc5 6. Nb3 Be7 7. O-O d6 8. Nc3 Nf6 9. Qe2 Nc6 10. Be3 O-O 11. f4 b5 12. a3 Bb7 13. Rad1 Qc7 14. h3 Rac8 15. Qf2 Nd7 16. f5 Nde5 17. Be2 Nc4 18. Bxc4 bxc4 19. Nd4 Nxd4 20. Bxd4 e5 21. Bb6 Qb8 22. Be3 Bc6 23. Qg3 Bf6 24. Bg5 Bxg5 25.
Qxg5 f6 26. Qe3 Rfd8 27. Rb1 d5 28. exd5 Bxd5 29. Rfd1 Ba8 30. Rxd8+ Rxd8 31. Qe2 Rd4 32. Rd1 Qc8 33. Na4 Rxd1+ 34. Qxd1 Qc6 35. Qd2 h5 36. Nc3 Qb6+ 37. Kh2 Qd4 38. Qe2 Qf4+ 39. Kg1 Qxf5 40. Qxc4+ Kh7 41. Qe2 h4 42. Nd1 Qf4 43. Ne3 Be4 44.
Qh5+ Qh6 45. Qxh6+ Kxh6 46. Kf2 Kg5 47. c4 f5 48. c5 f4 49. Nc4 Kf6 50. b4 Ke6 51.
a4 Bc6 52. Nb6 e4 53. a5 e3+ 54. Ke2 Bxg2 55. Nc4 Kf5 56. Nd6+ Ke5 57. Ne8 g5 58. b5 axb5 59. a6 g4 60. a7 gxh3 61. Nd6 h2 62. c6 Bxc6 63. Nf7+ Kf6 64. Nd8 Bd5 65. Nc6 Bxc6 66. a8=Q Bxa8 67. Kd3 h1=Q 68. Kd4 Qe4+ 69. Kc5 Qc4+ 70. Kb6 e2 71. Ka5 Qc6 72. Kb4 e1=Q+ 73. Ka3 Qcc3+ 74. Ka2 Qea1# 0-1

[Event "*** Titled Tuesday Blitz"]
[Site "Chess.com"]
[Date "2020.11.10"]
[Round "7"]
[White "Chopper1905"]
[Black "LyonBeast"]
[Result "1/2-1/2"]
[WhiteElo "2943"]
[BlackElo "3071"]
[TimeControl "180+1"]
[EndTime "11:24:05 PST"]
[Termination "Game drawn - insufficient material"]

1. d4 Nf6 2. c4 g6 3. Nc3 Bg7 4. e4 d6 5. Nf3 O-O 6. Be2 Na6 7.
O-O e5 8. Be3 Qe8 9. dxe5 dxe5 10.
h3 c6 11. a3 Qe7 12. b4 Rd8 13. Qc2 Nh5 14. Rfd1 Be6 15. Rxd8+ Rxd8 16. Bxa7 Ra8 17. Be3 Nxb4 18. Qb2 Na6 19. Rb1 Bc8 20. Na4 Nf4 21.
Bf1 Ne6 22. Nb6 Rb8 23. Nxc8 Rxc8 24. Qxb7 Qxb7 25. Rxb7 Nac5 26. Rb6 Na4 27. Ra6 Nac5 28. Ra5 Nb3 29. Ra7 Ned4 30. Ng5 f6 31. Nf7 Bf8 32. Nh6+ Kh8 33. Nf7+ Kg8 34. Nh6+ Kh8 35. Rf7 Nc5 36. Rxf6 Nxe4 37. Rf7 Bxa3 38. Rd7 Nf5 39. Nf7+ Kg8 40. Nh6+ Nxh6 41. Bxh6 Bf8 42. Be3 Bc5 43. Bd3 Nf6 44. Rb7 Bxe3 45. fxe3 Rd8 46. Be2 Rd2 47.
Kf1 Rc2 48. Bd3 Rc3 49. Be2 Ne4 50. Bf3 Rxc4 51. Re7 Nd2+ 52. Ke2 Nxf3 53. gxf3 e4 54. fxe4 Rc2+ 55. Kf3 c5 56. e5 Rc4 57. e6 h5 58. e4 g5 59. Rc7 Rc3+ 60. Kg2 Kf8 61. Rh7 h4 62. Rf7+ Ke8 63. Rc7 c4 64. Kh2 Kd8 65. Rd7+ Ke8 66. Rc7 Kf8 67. Rf7+ Kg8 68. Rc7 Rc2+ 69. Kg1 Kf8 70. Rf7+ Ke8 71. Rc7 c3 72. e5 Rc1+ 73. Kg2 Rc2+ 74. Kg1 g4 75. hxg4 h3 76. Kh1 Kf8 77. g5 Rg2 78. Rxc3 Rxg5 79.
Rxh3 Rxe5 80. Rf3+ Ke7 81. Kg2 Kxe6 82. Kf2 Rf5 83.
Rxf5 Kxf5 1/2-1/2

[Event "*** Titled Tuesday Blitz"]
[Site "Chess.com"]
[Date "2020.11.10"]
[Round "7"]
[White "Vsevolod_Ovchinnikov"]
[Black "Vanina1989"]
[Result "1/2-1/2"]
[WhiteElo "2532"]
[BlackElo "2632"]
[TimeControl "180+1"]
[EndTime "11:24:23 PST"]
[Termination "Game drawn by stalemate"]

1. d4 Nf6 2. c4 e6 3. g3 Bb4+ 4. Bd2 Qe7 5. Bg2 O-O 6. Nf3 d5 7. O-O Bxd2 8. Nbxd2 c6 9. Qc2 b6 10.
e4 dxc4 11. Nxc4 Ba6 12. Rfe1 Nbd7 13. Nce5 c5 14. Nxd7 Nxd7 15. Rad1 cxd4 16. Nxd4 Rac8 17. Qa4 Nc5 18. Qa3 Rfd8 19. Nb3 Bb5 20. Nxc5 bxc5 21. Bf1 Bxf1 22. Rxf1 h6 23. Kg2 Qb7 24. f3 Rd4 25.
Rc1 c4 26. Rf2 Rcd8 27. Rcc2 Qb6 28. Qe3 Qa6 29. a3 e5 30. Qe2 Rd3 31. h4 R8d4 32.
Qf1 Qb5 33. Qe2 a5 34. Qf1 Rd1 35. Qe2 R4d3 36. Kh3 Qd7+ 37. Kg2 Qd4 38. h5 Kh7 39. Rc3 R3d2 40. Qe3 Rxf2+ 41. Kxf2 Rd2+ 42. Ke1 Qxe3+ 43. Rxe3 Rxb2 44. Rc3 Rb3 45. Kd2 a4 46. g4 f6 47.
Rxc4 Rxa3 48. Ke2 Kg8 49. Rc7 Ra1 50. Ra7 a3 51. Kf2 Kf8 52. Kg2 Ra2+ 53. Kg3 Kg8 54. Kh3 Ra1 55. Kg3 Kf8 56. Kg2 Ke8 57. Rxg7 a2 58.
Ra7 Kd8 59. Kh2 Kc8 60. Kg2 Kb8 61. Ra3 Kb7 62. Ra4 Kb6 63. Ra8 Kb5 64. Ra7 Kb4 65. Ra8 Kb3 66. Rb8+ Kc3 67. Ra8 Kd4 68. Ra7 Ke3 69.
Ra3+ Ke2 70. Ra8 Kd2 71. Ra7 Kc3 72. Ra8 Kd3 73. Ra7 Ke3 74. Ra3+ Ke2 75. Ra8 Ke1 76. Ra7 Rd1 77. Rxa2 Rd2+ 78. Rxd2 Kxd2 79. Kf2 Kd3 80. f4 Kxe4 81. g5 fxg5 82. fxg5 Kf5 83. gxh6 Kf6 84. Kf3 Kf7 85. Ke4 Kg8 86. Kxe5 Kh7 87.
Kf5 Kxh6 88. Kg4 Kh7 89. Kg5 Kh8 90. h6 Kh7 91. Kh5 Kh8 92. Kg6 Kg8 93. h7+ Kh8 94. Kh6 1/2-1/2

[Event "*** Titled Tuesday Blitz"]
[Site "Chess.com"]
[Date "2020.11.10"]
[Round "7"]
[White "GOGIEFF"]
[Black "sjam6687"]
[Result "1-0"]
[WhiteElo "2893"]
[BlackElo "2716"]
[TimeControl "180+1"]
[EndTime "11:24:52 PST"]
[Termination "GOGIEFF won on time"]

1. d4 d5 2. c4 c6 3. Nc3 dxc4 4. e3 b5 5. a4 b4 6. Ne4 Qd5 7. Ng3 Nf6 8. Be2 e6 9. e4 Nxe4 10. Bf3 f5 11. N1e2 Bd6 12. O-O O-O 13. Re1 Ba6 14. Nf4 Bxf4 15. Bxf4 Nd7 16. Nxe4 fxe4 17. Bxe4 Qa5 18.
Bxc6 Rad8 19. Bd6 Rf7 20. d5 e5 21. Rc1 Qb6 22. Qd2 Nb8 23. a5 Qd4 24. Qxd4 exd4 25. Bxb4 Nxc6 26. dxc6 Rc8 27. Rcd1 d3 28. Re6 Rfc7 29.
Bc3 Rxc6 30. Re7 R8c7 31. Re8+ Kf7 32. Rde1 Rd7 33. R8e3 Rcd6 34. f3 Bb5 35. Bd2 Bc6 36. Re5 Bd5 37. Rf5+ Rf6 38. Rfe5 Re6 39. Kf2 Rxe5 40.
Rxe5 Re7 41. Rf5+ Kg6 42. Rg5+ Kf7 43. Be3 Be6 44. Rb5 Rc7 45. Bd2 Re7 46. Rb4 Bd5 47.
Be3 Rc7 48. h4 Rc5 49. a6 Ra5 50. Rb8 Rxa6 51. Rd8 Be6 52. Rb8 Ra2 53. Rb7+ Kf6 54.
Bd4+ Kf5 55. Ke3 h5 56. Rxg7 Bd5 57. Re7 Bg8 58. Re5+ Kg6 59. g4 Kf7 60. gxh5 Ra1 61. Bc3 Ra6 62. Rg5 Rh6 63. Kf4 Rd6 64. Ke3 Re6+ 65.
Kd2 a6 66. Rg7+ Kf8 67. Ra7 Bf7 68. Bb4+ Kg8 69. Ra8+ Kh7 70. Ra7 Kg8 71. Ra8+ Kh7 72. Bc3 Bxh5 73. Rh8+ Kg6 74. Rg8+ Kf5 75. Rg5+ Kf4 76.
Rxh5 Re2+ 77. Kd1 Rc2 78. Rc5 Ke3 79. Re5+ Kxf3 80. h5 Rg2 81. Rc5 Rh2 82. Rxc4 Ke3 83. Bd4+ Ke4 84. Ba7+ Kd5 85. b3 Rxh5 86. Kd2 Rh1 87.
Kxd3 Rh2 88. Kc3 1-0